 Dungeon Sprint DCSS version 0.28-a0-1190-g77e1c55843 (webtiles) character file.

Game seed: 4050759138159323843

73630 mhtbhm the Slayer (level 15, 0/168 HPs)
             Began as a Red Draconian Fighter on Dec 18, 2021.
             Was an Initiate of Gozag.
             Constricted to death by a nagaraja (1 damage)
             ... in the Dungeon (Sprint IX: "|||||||||||||||||||||||||||||").
             The game lasted 00:19:24 (7133 turns).

mhtbhm the Slayer (Red Draconian Fighter)           Turns: 7133, Time: 00:19:25

Health: 0/168      AC: 23    Str: 31    XL:     15   Next: 4%
Magic:  11/15      EV: 20    Int:  9    God:    Gozag
Gold:   6720       SH:  0    Dex: 17    Spells: 14/14 levels left

rFire   + . .      SeeInvis .   a - +2 bardiche
rCold   . . .      Faith    .   (shield currently unavailable)
rNeg    . . .      Spirit   .   (armour unavailable)
rPois   .          Reflect  .   (helmet restricted)
rElec   .          Harm     .   H - +1 cloak
rCorr   .          Rampage  +   u - +2 pair of gloves {infuse}
Will    +....      NoTele   +   s - +0 pair of boots {rampage}
Stlth   +++++++...              b - amulet of the acrobat
HPRegen 0.38/turn               m - ring of Veop {Str+6 Dex+6}
MPRegen 0.14/turn               I - ring of the Tortoise {AC+8}

@: mighty, brilliant, lethally poisoned (0 -> -25), gold aura, hasted,
constricted, very quick
A: breathe fire, AC +9, unfitting armour, fire resistance 1, cold-blooded
a: Breathe Fire, Renounce Religion, Potion Petition, Call Merchant, Bribe Branch


You were in the Dungeon.
You worshipped Gozag.
Gozag was greatly pleased with you.
You visited 1 branch You collected 17910 gold pieces.
You spent 4197 gold pieces at shops.
You paid 6993 gold pieces to Gozag.

Inventory:

Hand Weapons
 a - a +2 bardiche (weapon)
 d - a +5 eudemon blade of holy wrath
Missiles
 k - a curare-tipped dart (quivered)
Armour
 g - a +2 tower shield
 s - a +0 pair of boots of rampaging (worn)
 u - a +2 pair of gloves of infusion (worn)
 H - a +1 cloak (worn)
Jewellery
 b - an amulet of the acrobat (around neck)
 m - the ring of Veop (left hand) {Str+6 Dex+6}
   (You bought it in a shop in the Dungeon)

   [ring of strength]

   Str:       It affects your strength (+6).
   Dex:       It affects your dexterity (+6).
 E - a +2 ring of slaying
 I - the ring of the Tortoise (right hand) {AC+8}
   (You bought it in a shop in the Dungeon)

   [ring of protection]

   AC:        It affects your AC (+8).
Scrolls
 i - a scroll of blinking
 j - 2 scrolls of amnesia
 n - 2 scrolls of enchant armour
 o - 7 scrolls of enchant weapon
 p - 10 scrolls of identify
 q - 4 scrolls of fear
 y - 2 scrolls of fog
Potions
 c - 2 potions of might
 e - 5 potions of heal wounds
 f - a potion of haste
 l - 2 potions of berserk rage
 t - 3 potions of brilliance
 B - 4 potions of mutation
Miscellaneous
 h - a condenser vane (inert)


   Skills:
 + Level 24.8 Fighting
 + Level 24.0 Polearms
 + Level 9.1 Throwing
 + Level 17.1 Dodging
 + Level 17.8 Stealth
 + Level 6.8 Shields
 + Level 10.3 Evocations


You had 14 spell levels left.
You didn't know any spells.
Your spell library was empty.

Dungeon Overview and Level Annotations

Branches:
Dungeon (1/1)

Altars:
Cheibriados
Dithmenos
Elyvilon
Fedhas
Gozag
Hepliaklqana
Kikubaaqudgha
Makhleb
Nemelex Xobeh
Okawaru
Qazlal
Ru
Sif Muna
Trog
Uskayaw
Vehumet
Wu Jian
Xom
Yredelemnul
Zin
The Shining One
Beogh
Jiyva
Lugonu

Shops:
D =([=(*(*(


Innate Abilities, Weirdness & Mutations

You can breathe blasts of fire.
Your fiery red scales are hard. (AC +9)
You cannot fit into any form of body armour.
Your flesh is heat resistant. (rF+)
You are cold-blooded and may be slowed by cold attacks.


Message History

* * * LOW HITPOINT WARNING * * *
You feel much better.
* * * LOW HITPOINT WARNING * * *
You feel extremely sick. The nagaraja spits poison at you.
The splash of poison hits you.
You are lethally poisoned!
* * * LOW HITPOINT WARNING * * *
The nagaraja constricts you.
The nagaraja gestures at you while chanting.
The poison arrow hits you!
You are more poisoned.
* * * LOW HITPOINT WARNING * * *
The nagaraja constricts you.
* * * LOW HITPOINT WARNING * * *
[a] - 864 gold - resistance, invisibility, haste and brilliance [b] - 390 gold - haste and heal wounds [c] - 280 gold - resistance Purchase which effect?
You feel yourself speed up.
You feel much better.
* * * LOW HITPOINT WARNING * * *
You feel extremely sick. The nagaraja hits you with a +0 whip!
* * * LOW HITPOINT WARNING * * *
The nagaraja constricts you.
* * * LOW HITPOINT WARNING * * *
Unknown command. [a] - 315 gold - haste and heal wounds [b] - 330 gold - haste and heal wounds [c] - 320 gold - heal wounds, curing, might and brilliance Purchase which effect?
You feel much better.
You feel better.
You feel very mighty all of a sudden.
You feel clever all of a sudden.
The nagaraja points at you and mumbles some strange words.
The poison arrow hits you!!!
You are poisoned.
* * * LOW HITPOINT WARNING * * *
The nagaraja constricts you.
You die...
Your body crumbles into a pile of gold.

$$$ $$$
▓▓▓▓▓♣♣♣♣♣♣♣♣♣♣♣♣♣♣▓▓▓▓▓▓▓▓▓▓▓▓▓▓
..........).....@N...............
▓▓▓▓▓▓▓▓▓▓▓▓▓▓▓▓▓▓▓▓▓▓▓▓▓▓▓▓▓▓▓▓▓
.................[[[[[[.∩.)))))).
▓▓▓▓▓▓▓▓▓▓▓▓▓▓▓▓▓▓▓▓▓▓▓▓▓▓▓▓▓▓▓▓▓
.................................
▓▓▓▓▓▓▓▓▓▓▓▓▓▓▓▓▓▓▓▓▓▓▓▓▓▓▓▓▓▓▓▓▓
......))))...)).)+[....∩∩.[....[[
▓▓▓▓▓▓▓▓▓▓▓▓▓▓▓▓▓▓▓▓▓▓▓▓▓▓▓▓▓▓▓▓▓
.................................


You could see a nagaraja (fast, catching breath).

Vanquished Creatures
  Mennas (D)
  A tentacled monstrosity (D)
  4 sphinxes (D)
  Gastronok (D)
  Agnes (D)
  Kirke (D)
  2 nagarajas (D)
  An iron dragon (D)
  Aizul (D)
  A ghost moth (D)
  An ironbound preserver (D)
  3 vault wardens (D)
  2 stone giants (D)
  A dire elephant (D)
  2 entropy weavers (D)
  A bunyip (D)
  2 ettins (D)
  A merfolk javelineer (D)
  2 great orbs of eyes (D)
  5 fire dragons (D)
  2 ice dragons (D)
  2 hydras (D)
  4 ghost crabs (D)
  3 rakshasas (D)
  2 boulder beetles (D)
  5 naga warriors (D)
  An anaconda (D)
  A salamander tyrant (D)
  A death knight (D)
  An ironbound frostheart (D)
  2 centaur warriors (D)
  A catoblepas (D)
  A deep troll shaman (D)
  2 death yaks (D)
  A vampire mage (D)
  2 tengu warriors (D)
  3 orc high priests (D)
  A naga sharpshooter (D)
  Urug (D)
  A sea snake (D)
  A glowing orange brain (D)
  A swamp dragon (D)
  2 ironbound convokers (D)
  A wizard (D)
  A bog body (D)
  3 mana vipers (D)
  3 orc knights (D)
  An orb spider (D)
  A necromancer (D)
  2 ugly things (D)
  2 orc sorcerers (D)
  A manticore (D)
  3 wolf spiders (D)
  2 cyclopes (D)
  An elephant (D)
  A merfolk siren (D)
  A vault sentinel (D)
  2 naga magi (D)
  Joseph (D)
  2 black mambas (D)
  2 cane toads (D)
  2 demonic crawlers (D)
  A kobold demonologist (D)
  3 komodo dragons (D)
  A yaktaur (D)
  A merfolk (D)
  A jumping spider (D)
  A meliai (shapeshifter) (D)
  A hornet (shapeshifter) (D)
  A hornet (D)
  3 slime creatures (D)
  2 snapping turtles (D)
  A spriggan (D)
  A water elemental (D)
  A tarantella (D)
  A wyvern (D)
  A wraith (D)
  Grum (D)
  A basilisk (D)
  6 yaks (D)
  3 hogs (D)
  2 vampire mosquitoes (D)
  2 nagas (D)
  3 water moccasins (D)
  9 orc warriors (D)
  3 wolves (D)
  2 centaurs (D)
  5 bullfrogs (D)
  A killer bee (D)
  A howler monkey (D)
  An orc priest (D)
  A gnoll shaman (D)
  3 orc wizards (D)
  2 adders (D)
  17 orcs (D)
  A bat zombie (D)
  2 endoplasms (D)
  2 goblins (D)
  A hobgoblin (D)
  A ball python skeleton (D)
  A giant cockroach zombie (D)
  A quokka simulacrum (D)
199 creatures vanquished.

Vanquished Creatures (others)
  2 humans (D)
2 creatures vanquished.

Grand Total: 201 creatures vanquished

Notes
Turn   | Place    | Note
-------+----------+-------------------------------------------
     0 | D        | mhtbhm the Draconian Fighter began the quest for the Orb.
     0 | D        | Reached XP level 1. HP: 19/19 MP: 1/1
   291 | D        | Noticed a centaur
   296 | D        | Reached XP level 2. HP: 27/27 MP: 2/2
   303 | D        | Killed a centaur
   304 | D        | Reached skill level 5 in Dodging
   304 | D        | Reached skill level 5 in Shields
   304 | D        | Reached XP level 3. HP: 37/37 MP: 3/3
   304 | D        | Reached XP level 4. HP: 44/44 MP: 4/4
   313 | D        | Found a snail-covered altar of Cheibriados.
   313 | D        | Found a shadowy altar of Dithmenos.
   313 | D        | Found a white marble altar of Elyvilon.
   313 | D        | Found a blossoming altar of Fedhas.
   313 | D        | Found an opulent altar of Gozag.
   314 | D        | Found a hazy altar of Hepliaklqana.
   315 | D        | Found a viscous altar of Jiyva.
   316 | D        | Found an ancient bone altar of Kikubaaqudgha.
   317 | D        | Found a corrupted altar of Lugonu.
   318 | D        | Found a burning altar of Makhleb.
   319 | D        | Found a sparkling altar of Nemelex Xobeh.
   320 | D        | Found an iron altar of Okawaru.
   321 | D        | Found a stormy altar of Qazlal.
   323 | D        | Became a worshipper of Gozag Ym Sagoz the Greedy
   325 | D        | Found a sacrificial altar of Ru.
   326 | D        | Found a shimmering blue altar of Sif Muna.
   327 | D        | Found a bloodstained altar of Trog.
   328 | D        | Found a hide-covered altar of Uskayaw.
   329 | D        | Found a radiant altar of Vehumet.
   330 | D        | Found an ornate altar of the Wu Jian Council.
   331 | D        | Found a shimmering altar of Xom.
   332 | D        | Found a basalt altar of Yredelemnul.
   333 | D        | Found a glowing silver altar of Zin.
   334 | D        | Found a glowing golden altar of the Shining One.
   454 | D        | Noticed a kobold demonologist
   454 | D        | Noticed a vampire mosquito
   456 | D        | Noticed a hellwing
   478 | D        | Killed a vampire mosquito
   479 | D        | Reached skill level 5 in Polearms
   479 | D        | Reached XP level 5. HP: 33/52 MP: 5/5
   484 | D        | Reached XP level 6. HP: 34/60 MP: 6/6
   655 | D        | Noticed an ice devil
   665 | D        | Killed a kobold demonologist
   666 | D        | Your scales start taking on a fiery red colour.
   666 | D        | Reached XP level 7. HP: 68/69 MP: 7/7
   666 | D        | Gained mutation: Your flesh is heat resistant. (rF+) [Red
                  | Draconian growth]
   693 | D        | Noticed a komodo dragon
   693 | D        | Noticed a death knight
   693 | D        | Noticed a vampire mosquito
   693 | D        | Noticed a wraith
   693 | D        | Noticed a green ugly thing
   703 | D        | Killed a green ugly thing
   704 | D        | Reached XP level 8. HP: 47/78 MP: 8/8
   708 | D        | Reached skill level 10 in Polearms
   996 | D        | Killed a death knight
   997 | D        | Reached skill level 10 in Fighting
  1084 | D        | Killed a komodo dragon
  1085 | D        | Reached XP level 9. HP: 82/86 MP: 9/9
  1222 | D        | Noticed a black mamba
  1222 | D        | Noticed a komodo dragon
  1222 | D        | Noticed a five-headed hydra
  1222 | D        | Noticed a cane toad
  1224 | D        | Killed a black mamba
  1225 | D        | Killed a cane toad
  1225 | D        | Killed a komodo dragon
  1226 | D        | Reached skill level 10 in Dodging
  1227 | D        | Killed a five-headed hydra
  1228 | D        | Reached skill level 1 in Evocations
  1228 | D        | Reached XP level 10. HP: 96/97 MP: 10/10
  1396 | D        | Noticed an elephant
  1396 | D        | Noticed a cane toad
  1399 | D        | Killed a cane toad
  1400 | D        | Reached skill level 10 in Stealth
  1401 | D        | Reached skill level 15 in Polearms
  1406 | D        | Killed an elephant
  1541 | D        | Noticed a death yak
  1541 | D        | Noticed a death yak
  1553 | D        | Noticed a catoblepas
  1559 | D        | Killed a death yak
  1562 | D        | Killed a death yak
  1567 | D        | Killed a catoblepas
  1568 | D        | Reached XP level 11. HP: 88/107 MP: 11/11
  1648 | D        | Noticed Grum
  1649 | D        | Noticed Gastronok
  1661 | D        | Killed Grum
  1681 | D        | Killed Gastronok
  1911 | D        | Noticed an orc knight
  1917 | D        | Killed an orc knight
  2011 | D        | Noticed an orc knight
  2011 | D        | Noticed an orc high priest
  2011 | D        | Noticed an orc high priest
  2028 | D        | Killed an orc high priest
  2033 | D        | Killed an orc high priest
  2035 | D        | Killed an orc knight
  2279 | D        | Found Kups's Antique Weapon Boutique.
  2279 | D        | Noticed an orc sorcerer
  2285 | D        | Killed an orc sorcerer
  2286 | D        | Reached skill level 5 in Evocations
  2307 | D        | Found Aver's Jewellery Shop.
  2314 | D        | Found Uzishrun's Armour Boutique.
  2314 | D        | Noticed an orc high priest
  2316 | D        | Found Yvyir's Weapon Shop.
  2318 | D        | Noticed an orc knight
  2322 | D        | Noticed an orc sorcerer
  2334 | D        | Killed an orc high priest
  2340 | D        | Killed an orc knight
  2341 | D        | Reached skill level 15 in Fighting
  2342 | D        | Paralysed by an orc sorcerer for 6 turns
  2349 | D        | Killed an orc sorcerer
  2576 | D        | Bought a +2 pair of gloves of infusion for 258 gold pieces
  2589 | D        | Bought an amulet of the acrobat for 390 gold pieces
  2658 | D        | Noticed Joseph
  2666 | D        | Killed Joseph
  2673 | D        | Noticed Urug
  2699 | D        | Killed Urug
  2831 | D        | Bought a scroll of fog for 24 gold pieces
  2831 | D        | Bought a scroll of identify for 24 gold pieces
  2832 | D        | Noticed a centaur warrior
  2832 | D        | Noticed a centaur warrior
  2833 | D        | Noticed a wolf spider
  2836 | D        | Killed a wolf spider
  2836 | D        | Noticed a fire dragon
  2836 | D        | Killed a centaur warrior
  2837 | D        | Reached XP level 12. HP: 104/122 MP: 12/12
  2837 | D        | Killed a centaur warrior
  2838 | D        | Noticed a fire dragon
  2840 | D        | Killed a fire dragon
  2840 | D        | Noticed a fire dragon
  2841 | D        | Reached skill level 1 in Throwing
  2842 | D        | Killed a fire dragon
  2844 | D        | Noticed a tengu warrior
  2848 | D        | Killed a fire dragon
  2850 | D        | Killed a tengu warrior
  2855 | D        | Noticed a fire dragon
  2905 | D        | Killed a fire dragon
  2932 | D        | Noticed a fire dragon
  3309 | D        | Killed a fire dragon
  3644 | D        | Noticed a salamander tyrant
  3644 | D        | Noticed a naga warrior
  3644 | D        | Noticed an anaconda
  3653 | D        | Killed an anaconda
  3661 | D        | Killed a salamander tyrant
  3666 | D        | Killed a naga warrior
  3801 | D        | Noticed a seven-headed hydra
  3801 | D        | Noticed a ghost crab
  3801 | D        | Noticed a bunyip
  3805 | D        | Killed a ghost crab
  3806 | D        | Reached XP level 13. HP: 130/134 MP: 13/13
  3811 | D        | Killed a bunyip
  3915 | D        | Reached skill level 15 in Stealth
  4107 | D        | Noticed an entropy weaver
  4113 | D        | Killed an entropy weaver
  4128 | D        | Killed a ghost moth
  4129 | D        | Reached skill level 5 in Throwing
  4206 | D        | Noticed a merfolk javelineer
  4222 | D        | Killed a merfolk javelineer
  4374 | D        | Noticed Agnes
  4383 | D        | Killed Agnes
  4430 | D        | Noticed Aizul
  4451 | D        | Killed Aizul
  4861 | D        | Noticed Kirke
  4874 | D        | Killed Kirke
  4923 | D        | Noticed a tentacled monstrosity
  4923 | D        | Noticed an ettin
  4930 | D        | Killed an ettin
  4935 | D        | Noticed a stone giant
  4938 | D        | Noticed an iron dragon
  4945 | D        | Killed a tentacled monstrosity
  5085 | D        | Reached skill level 15 in Dodging
  5085 | D        | Reached XP level 14. HP: 143/149 MP: 0/14
  5098 | D        | Killed a stone giant
  5100 | D        | Noticed a sphinx
  5121 | D        | Noticed a stone giant
  5125 | D        | Killed an iron dragon
  5125 | D        | Killed a sphinx
  5137 | D        | Killed a stone giant
  5533 | D        | Bought a +2 glaive of protection for 237 gold pieces
  5559 | D        | Noticed a vault warden
  5704 | D        | Killed a vault warden
  5707 | D        | Noticed a sphinx
  5826 | D        | Noticed a sphinx
  5827 | D        | Noticed a vault warden
  5846 | D        | Killed a sphinx
  5849 | D        | Killed a sphinx
  5850 | D        | Killed a vault warden
  6060 | D        | Noticed a vault warden
  6063 | D        | Noticed an ironbound preserver
  6067 | D        | Noticed a sphinx
  6074 | D        | Killed an ironbound preserver
  6075 | D        | Killed a vault warden
  6086 | D        | Killed a sphinx
  6087 | D        | Reached skill level 10 in Evocations
  6410 | D        | Bought the ring of the Tortoise {AC+8} for 1792 gold pieces
  6410 | D        | Found the ring of the Tortoise {AC+8}
  6431 | D        | Noticed Mennas
  6442 | D        | Killed Mennas
  6543 | D        | Noticed a nagaraja
  6544 | D        | Noticed a nagaraja
  6549 | D        | Killed a nagaraja
  6555 | D        | Killed a nagaraja
  6556 | D        | Reached XP level 15. HP: 160/168 MP: 11/15
  6570 | D        | Noticed a nagaraja
  6603 | D        | HP: 8/168 [poisoned by a nagaraja (poison arrow)]
  7032 | D        | Bought a potion of mutation for 256 gold pieces
  7032 | D        | Bought a scroll of enchant weapon for 240 gold pieces
  7032 | D        | Bought a scroll of fear for 112 gold pieces
  7032 | D        | Bought a potion of berserk rage for 160 gold pieces
  7032 | D        | Bought a potion of mutation for 256 gold pieces
  7032 | D        | Bought a potion of berserk rage for 160 gold pieces
  7032 | D        | Bought a scintillating ivory ring for 160 gold pieces
  7032 | D        | Identified the ring of Veop {Str+6 Dex+6} (You bought it in
                  | a shop in the Dungeon)
  7032 | D        | Bought a potion of might for 128 gold pieces
  7133 | D        | HP: 1/168 [nagaraja/poison arrow (41)]
  7133 | D        | Constricted to death by a nagaraja

Illustrated notes

Levels and vault maps discovered:
D:        linesprint [early_d, line_temple, items_1, d_10, items_2, lair_1,
          lair_end, items_3, orc_1, orc_end, items_4, d_15, swamp_1, shoals_1,
          snake_1, spider_1, d_20, vaults_1, items_5, swamp_end, shoals_end,
          snake_end, spider_end, vaults_end, d_27, items_6, zot_1, zot_end,
          crypt_end, forest_end, elf_end, slime_end, tomb_end, abyss_end,
          pan_hell_end]

Skill      XL: |  1  2  3  4  5  6  7  8  9 10 11 12 13 14 15 |
---------------+----------------------------------------------+-----
Dodging        | 3 5 6 7 8 9 10 11 12 13 15 17 | 17.1
Fighting       | 4 6 7 8 9 10 11 13 15 18 20 24 | 24.8
Shields        | 5 6 |  6.8
Polearms       | 4 5 6 8 9 12 14 16 19 20 22 23 24 | 24.0
Stealth        | 2 3 4 6 8 9 11 13 14 16 17 | 17.8
Evocations     | 1 2 6 8 9 10 | 10.3
Throwing       | 3 7 9 |  9.1

Action                   |  1- 3 |  4- 6 |  7- 9 | 10-12 | 13-15 || total
-------------------------+-------+-------+-------+-------+-------++-------
Melee: Trident           |    22 |     4 |       |       |       ||    26
       Tailslap          |     3 |     5 |     6 |    43 |    41 ||    98
       Halberd           |       |    43 |    27 |   235 |   159 ||   464
       Glaive            |       |       |       |       |    69 ||    69
       Bardiche          |       |       |       |       |    37 ||    37
Throw: Javelin           |       |       |       |     9 |    26 ||    35
       Dart              |       |       |       |       |     3 ||     3
Invok: Potion Petition   |       |       |     1 |       |     6 ||     7
       Call Merchant     |       |       |       |     1 |     4 ||     5
 Abil: Breathe Fire      |       |       |     2 |     7 |     4 ||    13
Evoke: Wand              |       |       |     1 |     9 |       ||    10
       Condenser vane    |       |       |     1 |    11 |    11 ||    23
  Use: Potion            |     1 |     2 |     6 |     1 |    10 ||    20
       Scroll            |       |       |     1 |       |     1 ||     2
 Stab: Invisible         |       |     3 |       |       |       ||     3
       Distracted        |       |     1 |     2 |     2 |     1 ||     6
       Confused          |       |       |       |     7 |     4 ||    11
       Sleeping          |       |       |       |     2 |     4 ||     6
Armor: Skin              |     2 |    15 |     6 |    34 |    70 ||   127
Dodge: Dodged            |     9 |    49 |    21 |   105 |   124 ||   308
Block: Buckler           |     3 |       |       |       |       ||     3

Table legend: (Time is in decaauts)
 A = Elapsed time spent in this place.
 B = Non-inter-level travel time spent in this place.
 C = Inter-level travel time spent in this place.
 D = Time resting spent in this place.
 E = Time spent auto-exploring this place.
 F = Levels seen in this place.
 G = Mean time per level.
                   A        B        C        D        E       F      G
               +--------+--------+--------+--------+--------+-----+--------+
         Total |   7028 |   7028 |      0 |   3985 |    824 |   1 | 7028.0 |
       Dungeon |   7028 |   7028 |      0 |   3985 |    824 |   1 | 7028.0 |
               +--------+--------+--------+--------+--------+-----+--------+

Top non-repeatable levels by time:
       D: 7028 daAuts
